NCAA
ILLINOIS FIGHTING ILLINI @ VIRGINIA TECH HOKIES
05/20/2028
 
TOP OF THE 1ST
Illinois Fighting Illini batting - Pitching for Virginia Tech Hokies : LHP Jeremy Spencer
Pitching: LHP Jeremy Spencer
Batting: RHB Chris Carr 0-0: Foul Ball, location: 2F
0-1: Ball
1-1: Ball
2-1: DOUBLE (Line Drive, 78M)
Batting: RHB Fernando Núñez 0-0: Called Strike
0-1: Called Strike
Chris Carr is caught stealing 3rd base
0-2: Foul Ball, location: 2F
0-2: SINGLE (Flyball, 8RS)
Batting: RHB Jesús Vélez 0-0: Ball
1-0: Ball
2-0: Ball
3-0: Called Strike
3-1: Base on Balls
Fernando Núñez to second
Batting: RHB Weldon Lott 0-0: Ball
1-0: Ball
2-0: DOUBLE (Groundball, 5L)
Fernando Núñez scores
Jesús Vélez to third
Batting: RHB Harold Allen 0-0: Ball
1-0: Ground out 4-3 (Groundball, 34)
Jesús Vélez scores
Weldon Lott to third
Batting: RHB Rod Damerell 0-0: Fly out, F9 (Flyball, 89M)
Top of the 1st over - 2 run(s), 3 hit(s), 0 error(s), 1 left on base; Illinois 2 - Virginia Tech 0
BOTTOM OF THE 1ST
Virginia Tech Hokies batting - Pitching for Illinois Fighting Illini : LHP Arnie Green
Pitching: LHP Arnie Green
Batting: RHB Bob Jones 0-0: Ball
1-0: Foul Ball, location: 2F
1-1: Ground out 5-3 (Groundball, 56)
Batting: LHB Chris López 0-0: Ball
1-0: Foul Ball, location: 2F
1-1: Swinging Strike
1-2: Foul Ball, location: 2F
1-2: Reached on error, E4 (Groundball, 4)
Batting: RHB Eric Clay 0-0: Ball
1-0: Called Strike
1-1: Foul Ball, location: 2F
1-2: Ball
2-2: Strikes out swinging
Batting: RHB Clay Smith 0-0: Ball
1-0: Called Strike
1-1: Ground out 6-3 (Groundball, 6S)
Bottom of the 1st over - 0 run(s), 0 hit(s), 1 error(s), 1 left on base; Illinois 2 - Virginia Tech 0
TOP OF THE 2ND
Illinois Fighting Illini batting - Pitching for Virginia Tech Hokies : LHP Jeremy Spencer
Batting: RHB Robert Lancaster 0-0: Ball
1-0: Ground out 4-3 (Groundball, 4M)
Batting: SHB Robbie Robertson 0-0: Called Strike
0-1: Ball
1-1: Foul Ball, location: 2F
1-2: Foul Ball, location: 2F
1-2: Foul Ball, location: 2F
1-2: Foul Ball, location: 2F
1-2: Ball
2-2: Foul Ball, location: 2F
2-2: Foul Ball, location: 2F
2-2: Foul Ball, location: 2F
2-2: Ground out U3 (Groundball, 3)
Batting: RHB Jon Foster 0-0: Ball
1-0: Ground out 4-3 (Groundball, 4)
Top of the 2nd over - 0 run(s), 0 hit(s), 0 error(s), 0 left on base; Illinois 2 - Virginia Tech 0
BOTTOM OF THE 2ND
Virginia Tech Hokies batting - Pitching for Illinois Fighting Illini : LHP Arnie Green
Batting: RHB Will McDonald 0-0: Ball
1-0: Foul Ball, location: 2F
1-1: Ball
2-1: Ball
3-1: Called Strike
3-2: Base on Balls
Batting: RHB Jack Jenkins 0-0: Ball
1-0: Called Strike
1-1: Ball
2-1: Ball
3-1: Foul Ball, location: 2F
3-2: Base on Balls
Will McDonald to second
Batting: RHB Rob Fleming 0-0: Ball
1-0: Foul Ball, location: 2F
1-1: Foul Ball, location: 2F
1-2: Ball
2-2: Fly out, F8 (Line Drive, 8LM)
Batting: RHB Primo Owen 0-0: Called Strike
0-1: SINGLE (Groundball, 56D)
Will McDonald to third
Jack Jenkins to second
Batting: RHB Dusty Green 0-0: Ball
1-0: SINGLE (Flyball, 8LS)
Will McDonald scores
Jack Jenkins to third
Primo Owen to second
Batting: RHB Bob Jones 0-0: Fly out, F4 (Popup, 4)
Batting: LHB Chris López 0-0: Ball
1-0: Ground out U3 (Groundball, 34)
Bottom of the 2nd over - 1 run(s), 2 hit(s), 0 error(s), 3 left on base; Illinois 2 - Virginia Tech 1
TOP OF THE 3RD
Illinois Fighting Illini batting - Pitching for Virginia Tech Hokies : LHP Jeremy Spencer
Batting: RHB Chris Carr 0-0: Ball
1-0: Called Strike
1-1: Ball
2-1: Foul Ball, location: 2F
2-2: Ground out 5-3 (Groundball, 56)
Batting: RHB Fernando Núñez 0-0: SINGLE (Flyball, 8LS)
Batting: RHB Jesús Vélez 0-0: Called Strike
0-1: Swinging Strike
0-2: Strikes out swinging
Batting: RHB Weldon Lott 0-0: Ball
1-0: Ball
2-0: Swinging Strike
2-1: Swinging Strike
2-2: Fly out, F3 (Popup, 3L)
Top of the 3rd over - 0 run(s), 1 hit(s), 0 error(s), 1 left on base; Illinois 2 - Virginia Tech 1
BOTTOM OF THE 3RD
Virginia Tech Hokies batting - Pitching for Illinois Fighting Illini : LHP Arnie Green
Batting: RHB Eric Clay 0-0: Called Strike
0-1: Foul Ball, location: 2F
0-2: Ground out U3 (Groundball, 3)
Batting: RHB Clay Smith 0-0: Foul Ball, location: 2F
0-1: Ball
1-1: Ball
2-1: Foul Ball, location: 2F
2-2: Foul Ball, location: 2F
2-2: Ball
3-2: Foul Ball, location: 2F
3-2: Fly out, F2 (Popup, 15S)
Batting: RHB Will McDonald 0-0: Fly out, F7 (Flyball, 7S)
Bottom of the 3rd over - 0 run(s), 0 hit(s), 0 error(s), 0 left on base; Illinois 2 - Virginia Tech 1
TOP OF THE 4TH
Illinois Fighting Illini batting - Pitching for Virginia Tech Hokies : LHP Jeremy Spencer
Batting: RHB Harold Allen 0-0: Called Strike
0-1: Called Strike
0-2: Foul Ball, location: 2F
0-2: Ball
1-2: Strikes out swinging
Batting: RHB Rod Damerell 0-0: Ball
1-0: Fly out, F7 (Flyball, 78M)
Batting: RHB Robert Lancaster 0-0: Hit by Pitch
Batting: SHB Robbie Robertson 0-0: Called Strike
0-1: Swinging Strike
0-2: Ball
1-2: Foul Ball, location: 2F
1-2: Ball
2-2: Strikes out swinging
Top of the 4th over - 0 run(s), 0 hit(s), 0 error(s), 1 left on base; Illinois 2 - Virginia Tech 1
BOTTOM OF THE 4TH
Virginia Tech Hokies batting - Pitching for Illinois Fighting Illini : LHP Arnie Green
Batting: RHB Jack Jenkins 0-0: Fly out, F5 (Popup, 5L)
Batting: RHB Rob Fleming 0-0: Called Strike
0-1: Foul Ball, location: 2F
0-2: Ball
1-2: Foul Ball, location: 2F
1-2: Foul Ball, location: 2F
1-2: Foul Ball, location: 2F
1-2: Ball
2-2: Ball
3-2: Single, Error in OF, E7, batter to second base
Batting: RHB Primo Owen 0-0: Ball
1-0: Ground out 5-3 (Groundball, 5S)
Rob Fleming to third
Batting: RHB Dusty Green 0-0: Fly out, F8 (Flyball, 8RM)
Bottom of the 4th over - 0 run(s), 1 hit(s), 1 error(s), 1 left on base; Illinois 2 - Virginia Tech 1
TOP OF THE 5TH
Illinois Fighting Illini batting - Pitching for Virginia Tech Hokies : LHP Jeremy Spencer
Batting: RHB Jon Foster 0-0: Reached on error, E5 (Groundball, 5)
Batting: RHB Chris Carr 0-0: Ball
1-0: Foul Ball, location: 2F
1-1: SINGLE (Groundball, 6MD)
Jon Foster to second
Runner from 2nd tries for 3rd, SAFE, no throw
Batting: RHB Fernando Núñez 0-0: Called Strike
0-1: Ball
1-1: Ground out 5-3 (Groundball, 56S)
Jon Foster scores
Chris Carr to second
Batting: RHB Jesús Vélez 0-0: Intentional Walk
Batting: RHB Weldon Lott 0-0: Ball
1-0: Swinging Strike
1-1: Foul Ball, location: 2F
1-2: 3-RUN HOME RUN (Line Drive, 7D), Distance : 348 ft
Pitching: RHP Zack Quintero
Batting: RHB Harold Allen 0-0: Called Strike
0-1: Ball
1-1: SINGLE (Flyball, 6MD)
Batting: RHB Rod Damerell 0-0: Swinging Strike
0-1: Ball
1-1: Ground out 5-3 (Groundball, 5S)
Harold Allen to second
Batting: RHB Robert Lancaster 0-0: Ball
1-0: Ball
2-0: Ball
3-0: Called Strike
3-1: Base on Balls
Batting: SHB Robbie Robertson 0-0: Called Strike
0-1: Foul Ball, location: 2F
0-2: Ball
1-2: Ball
2-2: Ball
3-2: Base on Balls
Harold Allen to third
Robert Lancaster to second
Batting: RHB Jon Foster 0-0: Called Strike
0-1: Foul Ball, location: 2F
0-2: Ball
1-2: Ground out 1-3 (Groundball, 13S)
Top of the 5th over - 4 run(s), 3 hit(s), 1 error(s), 3 left on base; Illinois 6 - Virginia Tech 1
BOTTOM OF THE 5TH
Virginia Tech Hokies batting - Pitching for Illinois Fighting Illini : LHP Arnie Green
Batting: RHB Bob Jones 0-0: Called Strike
0-1: Foul Ball, location: 2F
0-2: Ball
1-2: Ball
2-2: Strikes out looking
Batting: LHB Chris López 0-0: Swinging Strike
0-1: Called Strike
0-2: Ball
1-2: Foul Ball, location: 2F
1-2: Foul Ball, location: 2F
1-2: Fly out, F7 (Flyball, 7)
Batting: RHB Eric Clay 0-0: Called Strike
0-1: Foul Ball, location: 2F
0-2: Strikes out swinging
Bottom of the 5th over - 0 run(s), 0 hit(s), 0 error(s), 0 left on base; Illinois 6 - Virginia Tech 1
TOP OF THE 6TH
Illinois Fighting Illini batting - Pitching for Virginia Tech Hokies : RHP Zack Quintero
Batting: RHB Chris Carr 0-0: Ball
1-0: Ball
2-0: Called Strike
2-1: Fly out, F8 (Flyball, 8LS)
Batting: RHB Fernando Núñez 0-0: Swinging Strike
0-1: Ball
1-1: Ball
2-1: Swinging Strike
2-2: SINGLE (Groundball, 6MD)
Batting: RHB Jesús Vélez 0-0: Called Strike
0-1: Foul Ball, location: 2F
0-2: Strikes out swinging
Batting: RHB Weldon Lott 0-0: Foul Ball, location: 2F
0-1: Ball
1-1: Called Strike
1-2: SINGLE (Groundball, 56D)
Fernando Núñez to second
Batting: RHB Harold Allen 0-0: Called Strike
0-1: Swinging Strike
0-2: Strikes out swinging
Top of the 6th over - 0 run(s), 2 hit(s), 0 error(s), 2 left on base; Illinois 6 - Virginia Tech 1
BOTTOM OF THE 6TH
Virginia Tech Hokies batting - Pitching for Illinois Fighting Illini : LHP Arnie Green
Batting: RHB Clay Smith 0-0: Called Strike
0-1: Ball
1-1: Ball
2-1: Ground out 6-3 (Groundball, 6)
Pitching: LHP Rafael Ramos
Batting: RHB Will McDonald 0-0: Ball
1-0: Called Strike
1-1: Foul Ball, location: 2F
1-2: Ball
2-2: Reached on error, E4 (Groundball, 4)
Batting: RHB Jack Jenkins 0-0: Ball
1-0: Fly out, F8 (Flyball, 8LM)
Batting: RHB Rob Fleming 0-0: Ball
1-0: Fielders Choice at 2nd, 6-4 (Groundball, 6)
Bottom of the 6th over - 0 run(s), 0 hit(s), 1 error(s), 0 left on base; Illinois 6 - Virginia Tech 1
TOP OF THE 7TH
Illinois Fighting Illini batting - Pitching for Virginia Tech Hokies : RHP Zack Quintero
Batting: RHB Rod Damerell 0-0: Called Strike
0-1: SOLO HOME RUN (Flyball, 78XD), Distance : 372 ft
Batting: RHB Robert Lancaster 0-0: Ball
1-0: Ball
2-0: Fly out, F9 (Flyball, 89M)
Batting: SHB Robbie Robertson 0-0: Called Strike
0-1: Ball
1-1: Ball
2-1: Ball
3-1: Swinging Strike
3-2: Strikes out looking
Batting: RHB Jon Foster 0-0: Foul Ball, location: 2F
0-1: Called Strike
0-2: Strikes out swinging, 2-3 out at first.
Top of the 7th over - 1 run(s), 1 hit(s), 0 error(s), 0 left on base; Illinois 7 - Virginia Tech 1
BOTTOM OF THE 7TH
Virginia Tech Hokies batting - Pitching for Illinois Fighting Illini : LHP Rafael Ramos
Batting: RHB Primo Owen 0-0: Foul Ball, location: 2F
0-1: Fly out, F9 (Flyball, 9S)
Batting: RHB Dusty Green 0-0: Ball
1-0: Fly out, F9 (Flyball, 9S)
Batting: RHB Bob Jones 0-0: Called Strike
0-1: Swinging Strike
0-2: Strikes out looking
Bottom of the 7th over - 0 run(s), 0 hit(s), 0 error(s), 0 left on base; Illinois 7 - Virginia Tech 1
TOP OF THE 8TH
Illinois Fighting Illini batting - Pitching for Virginia Tech Hokies : RHP Zack Quintero
Pitching: RHP Dale Bennett
Batting: RHB Chris Carr 0-0: Called Strike
0-1: Called Strike
0-2: Ball
1-2: Ball
2-2: Foul Ball, location: 2F
2-2: Fly out, F8 (Line Drive, 8LM)
Batting: RHB Fernando Núñez 0-0: Swinging Strike
0-1: Foul Ball, location: 2F
0-2: Strikes out swinging
Batting: RHB Jesús Vélez 0-0: Ball
1-0: Swinging Strike
1-1: Foul Ball, location: 2F
1-2: Ball
2-2: Strikes out swinging
Top of the 8th over - 0 run(s), 0 hit(s), 0 error(s), 0 left on base; Illinois 7 - Virginia Tech 1
BOTTOM OF THE 8TH
Virginia Tech Hokies batting - Pitching for Illinois Fighting Illini : LHP Rafael Ramos
Batting: LHB Chris López 0-0: Called Strike
0-1: Ball
1-1: Ground out 4-3 (Groundball, 4)
Batting: RHB Eric Clay 0-0: Called Strike
0-1: Ball
1-1: Foul Ball, location: 2F
1-2: Strikes out swinging
Batting: RHB Clay Smith 0-0: Ball
1-0: Ball
2-0: Called Strike
2-1: Fly out, F8 (Flyball, 78M)
Bottom of the 8th over - 0 run(s), 0 hit(s), 0 error(s), 0 left on base; Illinois 7 - Virginia Tech 1
TOP OF THE 9TH
Illinois Fighting Illini batting - Pitching for Virginia Tech Hokies : RHP Dale Bennett
Batting: RHB Weldon Lott 0-0: Called Strike
0-1: Swinging Strike
0-2: Ball
1-2: Strikes out looking
Batting: RHB Harold Allen 0-0: Ball
1-0: Called Strike
1-1: Ball
2-1: Ball
3-1: Fly out, F9 (Flyball, 9LMF)
Batting: RHB Rod Damerell 0-0: Called Strike
0-1: Foul Ball, location: 2F
0-2: Foul Ball, location: 2F
0-2: Strikes out swinging
Top of the 9th over - 0 run(s), 0 hit(s), 0 error(s), 0 left on base; Illinois 7 - Virginia Tech 1
BOTTOM OF THE 9TH
Virginia Tech Hokies batting - Pitching for Illinois Fighting Illini : LHP Rafael Ramos
Now at C: Stanley Ryan
Now at 1B: Neil Smith
Batting: RHB Will McDonald 0-0: Called Strike
0-1: Foul Ball, location: 2F
0-2: Ball
1-2: Ball
2-2: Ball
3-2: Fly out, F9 (Flyball, 9S)
Pitching: RHP Miguel Sotelo
Batting: RHB Jack Jenkins 0-0: Called Strike
0-1: Ground out 5-3 (Groundball, 25)
Batting: RHB Rob Fleming 0-0: Ball
1-0: Ground out 5-3 (Groundball, 5)
Bottom of the 9th over - 0 run(s), 0 hit(s), 0 error(s), 0 left on base; Illinois 7 - Virginia Tech 1
Tuesday, August 8th, 2017 - OOTP Baseball 17.12 Build 75